 Dungeon Crawl Stone Soup version 0.16-a0-3171-gce70061 (webtiles) character file.

363 Johnny the Bolt Thrower (level 7, -7/51 HPs)
             Began as a Human Hunter on Dec 16, 2014.
             Mangled by an ogre
             ... wielding a +0 giant club
              (25 damage)
             ... while paralysed by Ijyb
             ... on level 4 of the Dungeon.
             The game lasted 00:05:12 (3001 turns).

Johnny the Bolt Thrower (Human Hunter)              Turns: 3001, Time: 00:05:12

Health: -7/51      AC:  4    Str: 13    XL:     7   Next: 0%
Magic:  7/7        EV:  2    Int: 11    God:
Gold:   106        SH:  0    Dex: 15    Spells: 0 memorised, 6 levels left

rFire  . . .     SeeInvis .     t - +1 spear (venom)
rCold  . . .     Clarity  .     d - +0 leather armour
rNeg   . . .     SustAb   .     (no shield)
rPois  .         Gourm    .     k - +0 helmet
rElec  .         Spirit   .     (no cloak)
rCorr  .         Warding  .     (no gloves)
rMut   .         Stasis   .     (no boots)
MR     .....                    i - amulet of faith
Stlth  ++........               (no ring)
                                (no ring)

@: paralysed, not resistant to hostile enchantments, unstealthy
A: no striking features
a: no special abilities


You were on level 4 of the Dungeon.
You were not hungry.

You visited 1 branch of the dungeon, and saw 4 of its levels.
You also visited: Sewer.

You collected 106 gold pieces.

Inventory:

Hand weapons
 a - a +0 short sword
 b - a +1 hand crossbow
 o - a +0 spear
 t - a +1 spear of venom (weapon)
Missiles
 c - 9 bolts
Armour
 d - a +0 leather armour (worn)
 k - a +0 helmet (worn)
Jewellery
 i - an amulet of faith (around neck)
Scrolls
 e - 2 scrolls of recharging {unknown}
 h - 5 scrolls of identify {unknown}
 l - 4 scrolls of remove curse {unknown}
 m - 2 scrolls of amnesia {unknown}
 n - a scroll of noise {unknown}
 p - a scroll of fear {unknown}
 y - a scroll of enchant weapon {unknown}
Potions
 g - a potion of agility {unknown}
 q - a potion of lignification {unknown}
 r - a potion of heal wounds {unknown}
 s - a potion of cancellation {unknown}
 u - 3 potions of might {unknown}
 v - a potion of brilliance {unknown}
 w - 2 potions of magic {unknown}
Comestibles
 f - 4 bread rations


   Skills:
 + Level 2.8 Fighting
 + Level 0.8 Polearms
 + Level 6.1 Crossbows
 + Level 1.1 Armour
 + Level 4.1 Dodging
 - Level 1.0 Stealth


You had 6 spell levels left.
You didn't know any spells.

Dungeon Overview and Level Annotations

Branches:
Dungeon (4/15)
 Temple: D:4-7

Altars:
Elyvilon

Annotations:
D:3 Sigmund
D:4 Ijyb


Message History

An ogre is nearby!
An ogre is nearby!
The ogre shouts!
Ijyb the Twisted Goblin comes into view.
He is wielding a dagger of freezing.
Attack whom?
Press: ? - help, Dir - move target cursor, f - ogre
Aim: an ogre, wielding a giant club You reach to attack!
You hit the ogre.
The ogre is poisoned.
The ogre is lightly wounded.
Ijyb zaps a wand.
You resist with significant effort.
It is a wand of paralysis.
Ijyb zaps a wand.
You suddenly lose the ability to move!
Ijyb zaps a wand.
You shrug off the repeated paralysis!
The ogre hits you with a giant club.
Ijyb zaps a wand.
You shrug off the repeated paralysis!
The ogre hits you with a giant club!!
Ouch! That really hurt!
Ijyb zaps a wand.
You resist with significant effort. The ogre hits you with a giant club!!
You die...

#.# #<......# #.#. #.#
####....# #.#.
#.#.####....# #...
#########.#.........#
#.##
..........#######...###.#
########..........>.....#
#.################
###.#########
#...@O......#
#...........#
#...........#
#...........#
#...........#
#...........#
#........g.. #..........
.....


You could see Ijyb and an ogre.

Vanquished Creatures
  An ogre (D:4)
  A scorpion (D:4)
  An orc wizard (D:3)
  6 gnolls
  A river rat (D:3)
  2 adders
  4 worms
  2 giant mites (D:3)
  6 orcs (D:3)
  9 hobgoblins
  5 kobolds
  A ball python (D:3)
  3 bats (D:2)
  A giant gecko (Sewer)
  38 giant newts
  12 goblins
  8 rats
101 creatures vanquished.

Notes
Turn   | Place    | Note
--------------------------------------------------------------
     0 | D:1      | Johnny, the Human Hunter, began the quest for the Orb.
     0 | D:1      | Reached XP level 1. HP: 16/16 MP: 1/1
   138 | D:1      | Reached XP level 2. HP: 22/22 MP: 2/2
   502 | D:2      | Reached XP level 3. HP: 27/27 MP: 3/3
   834 | D:2      | Reached XP level 4. HP: 33/33 MP: 4/4
  1002 | D:2      | Reached skill level 5 in Crossbows
  1588 | D:3      | Reached XP level 5. HP: 38/38 MP: 5/5
  1657 | D:3      | Found a glowing drain.
  1684 | Sewer    | Entered a sewer
  2226 | D:3      | Found a white marble altar of Elyvilon.
  2247 | D:3      | Reached XP level 6. HP: 41/44 MP: 6/6
  2324 | D:3      | Noticed Sigmund
  2652 | D:4      | Reached skill level 6 in Crossbows
  2814 | D:4      | Reached skill level 1 in Armour
  2970 | D:4      | Reached XP level 7. HP: 45/51 MP: 7/7
  2995 | D:4      | Noticed Ijyb
  2997 | D:4      | Paralysed by Ijyb for 7 turns
  3001 | D:4      | Mangled by an ogre

Action                   |  1- 3 |  4- 6 |  7- 9 || total
-------------------------+-------+-------+-------++-------
Melee: Spear             |       |   141 |     1 ||   142
 Fire: Hand crossbow     |    59 |    63 |       ||   122
 Stab: Sleeping          |       |     3 |       ||     3
  Eat: Chunk             |       |     5 |       ||     5
       Pizza             |       |     1 |       ||     1
